 Dungeon Crawl Stone Soup version 0.30-a0-996-ga6910c8ee8 (webtiles) character file.

Game seed: 489304329646504770

34321 vishdafish the Destroyer (level 13, 0/79 HPs)
             Began as a Demonspawn Conjurer on Apr 4, 2023.
             Was an Elder of Vehumet.
             Slain by a six-headed hydra (13 damage)
             ... on level 2 of the Lair of Beasts.
             The game lasted 00:24:21 (17680 turns).

vishdafish the Destroyer (Demonspawn Conjurer)     Turns: 17680, Time: 00:24:24

Health: 0/79       AC: 10    Str:  9    XL:     13   Next: 41%
Magic:  13/38      EV: 12    Int: 23    God:    Vehumet [****..]
Gold:   818        SH:  0    Dex: 12    Spells: 24/36 levels left

rFire   . . .      SeeInvis .    e - +2 dagger (venom)
rCold   . . .      Faith    .    (no shield)
rNeg    . . .      Spirit   .    a - +0 robe
rPois   .          Reflect  .    q - +0 helmet
rElec   .          Rampage  .    d - +1 cloak
rCorr   .                        h - +2 pair of gloves
Will    .....                    (no boots)
Stlth   ++                       (no amulet)
HPRegen 2.33/turn                J - ring of magical power
MPRegen 0.26/turn                (no ring)

@: no status effects
A: yellow scales 1, powered by death 2, demonic magic 1, demonic touch 2
a: Renounce Religion


You were on level 2 of the Lair of Beasts.
You worshipped Vehumet.
Vehumet was greatly pleased with you.
You visited 3 branches of the dungeon, and saw 15 of its levels.
You also visited: Bailey.

You collected 818 gold pieces.

Inventory:

Hand Weapons
 e - a +2 dagger of venom (weapon)
Missiles
 L - 3 curare-tipped darts
Armour
 a - a +0 robe (worn)
 d - a +1 cloak (worn)
 h - a +2 pair of gloves (worn)
 q - a +0 helmet (worn)
Jewellery
 v - an amulet of faith
 I - a ring of resist corrosion
 J - a ring of magical power (left hand)
 M - a ring of fire
Wands
 y - a wand of digging (2)
 K - a wand of roots (3)
 N - a wand of flame (18)
Scrolls
 c - 11 scrolls of teleportation
 g - 2 scrolls of torment {unknown}
 j - 3 scrolls of fog {unknown}
 k - 3 scrolls of vulnerability {unknown}
 m - a scroll of amnesia {unknown}
 n - 5 scrolls of immolation {unknown}
 o - 5 scrolls of identify
 p - 5 scrolls of noise {unknown}
 s - 3 scrolls of blinking {unknown}
 u - 4 scrolls of magic mapping
 z - a scroll of fear {unknown}
 A - 6 scrolls of poison
 C - 3 scrolls of enchant armour {unknown}
 F - a scroll of enchant weapon {unknown}
Potions
 b - a potion of magic
 f - 2 potions of might
 i - 3 potions of degeneration
 l - 10 potions of curing
 r - 2 potions of flight
 t - 2 potions of lignification
 w - a potion of ambrosia
 x - 4 potions of haste
 B - a potion of cancellation
 D - 4 potions of mutation
 G - a potion of brilliance
 H - a potion of berserk rage {unknown}
Miscellaneous
 E - a condenser vane (inert)


   Skills:
 - Level 1.7 Dodging
 - Level 1.7 Stealth
 - Level 12.2 Spellcasting
 + Level 14.5 Conjurations
 - Level 5.5 Hexes
 - Level 5.0 Translocations
 + Level 9.2 Earth Magic


You had 24 spell levels left.
You knew the following spells:

 Your Spells              Type           Power      Damage    Failure   Level
a - Magic Dart            Conj           100%       1d8       0%          1
b - Fulminant Prism       Conj/Hex       28%        3d14      1%          4
c - Iskenderun's Mystic   Conj/Tloc      56%        2d12      1%          4
d - Stone Arrow           Conj/Erth      100%       3d13      1%          3

Your spell library contained the following spells:

 Spells                   Type           Power      Damage    Failure   Level
 Fireball                 Conj/Fire      23%        3d11      1%          5
 Searing Ray              Conj           100%       2d8       0%          2
 Kiss of Death            Conj/Necr      100%       2d13      1%          1
 Shock                    Conj/Air       100%       1d9       1%          1
 Poisonous Vapours        Pois/Air       28%        N/A       1%          2
 Dazzling Flash           Conj/Hex       100%       N/A       1%          3
 Hailstorm                Conj/Ice       47%        3d11      1%          3
 Mephitic Cloud           Conj/Pois/Air  36%        N/A       1%          3
 Necrotise                Necr           56%        1d6       4%          1
 Ignite Poison            Fire/Tmut/Pois 14%        N/A       4%          3
 Call Imp                 Summ           14%        N/A       7%          2
 Cigotuvi's Dreadful Rot  Necr/Pois/Air  28%        N/A       7%          2
 Airstrike                Air            7%         2d(1-17)  12%         4
 Swiftness                Air            14%        N/A       14%         3
 Vampiric Draining        Necr           14%        2d7       14%         3
 Animate Dead             Necr           14%        N/A       41%         4
 Dispel Undead            Necr           14%        3d10      41%         4
 Ice Form                 Ice/Tmut       14%        N/A       41%         4
 Simulacrum               Ice/Necr       7%         N/A       100%        6


Dungeon Overview and Level Annotations

Branches:
Dungeon (12/15)            Temple (1/1) D:4            Lair (2/5) D:11
 Bailey (visited)
  Swamp: Lair:2-3    Shoals: Lair:2-3     Snake: Lair:2-3    Spider: Lair:2-3
    Orc: D:9-12

Altars:
Ashenzari
Cheibriados
Dithmenos
Fedhas
Gozag
Hepliaklqana
Kikubaaqudgha
Makhleb
Nemelex Xobeh
Okawaru
Qazlal
Ru
Sif Muna
Trog
Uskayaw
Vehumet
Wu Jian
Xom
Yredelemnul

Shops:
D:8 :


Innate Abilities, Weirdness & Mutations

You are partially covered in yellow scales. (AC +2)
You regenerate health from kills.
Spells you cast may paralyse adjacent enemies.
Your touch may inflict irresistible damage on your foes.


Message History

The four-headed hydra is almost dead.
The four-headed hydra is knocked back by the mystic blast.
Malevolent energies surge around you.
You hear a croak.
The six-headed hydra closely misses you.
The six-headed hydra bites you. The six-headed hydra barely misses you.
The six-headed hydra bites you but does no damage.
The six-headed hydra misses you. The six-headed hydra bites you.
Unknown command.
Casting: Iskenderun's Mystic Blast (safe; 1% risk of failure)
Confirm with . or Enter, or press ? or * to list all spells.
You erupt in a blast of force!
The mystic blast hits the four-headed hydra!
You kill the four-headed hydra!
Vehumet accepts your kill.
The mystic blast hits the six-headed hydra!
The six-headed hydra is moderately wounded.
The six-headed hydra is knocked back by the mystic blast.
Malevolent energies surge around you.
Unknown command.
Unknown command.
The stone arrow hits the six-headed hydra!!
The six-headed hydra is heavily wounded.
Malevolent energies surge around you. The six-headed hydra bites you.
The six-headed hydra bites you! The six-headed hydra bites you. x2
The six-headed hydra bites you! x2
* * * LOW HITPOINT WARNING * * *
Casting: Stone Arrow (safe; 1% risk of failure)
Confirm with . or Enter, or press ? or * to list all spells.
You erupt in a blast of force!
The mystic blast hits the cane toad.
The cane toad is heavily wounded.
The cane toad is knocked back by the mystic blast.
The mystic blast hits the six-headed hydra!
The six-headed hydra is severely wounded.
Malevolent energies surge around you. The six-headed hydra misses you.
The six-headed hydra bites you.
* * * LOW HITPOINT WARNING * * *
The six-headed hydra bites you but does no damage.
The six-headed hydra bites you!
You die...

.#.# ##.###### ...###.......#
♣♣♣♣ ..###........# ≈≈≈♣♣ ..#
#........# ≈≈~≈♣
..###........## ~~≈≈♣ §
..............#♣ ~~≈~♣.♣
...............♣♣~~~~F.♣
..P#............♣D~~...♣
..............#.@.~~..♣
..#...........#...~♣.♣♣ ♣♣
...#...........#♣.♣♣♣♣♣ ♣.
..###........#.# ♣♣#♣.♣
♣♣♣♣♣♣♣. ....#........###
##..♣♣♣♣.♣..♣.♣ ..............#
##............♣♣ .............#
##....††......##
...........######..#.....<...##
............#.#.....###......#


You could see a six-headed hydra and a cane toad.

Vanquished Creatures
  An orc warlord (Bailey)
  A hydra (Lair:2)
  3 two-headed ogres
  2 death yaks (Lair:1)
  Urug (D:11)
  A cyclops (D:11)
  A black mamba (Lair:2)
  2 cane toads
  3 torpor snails
  2 unseen horror zombies (D:9)
  2 unseen horrors
  2 kobold demonologists
  5 komodo dragons (Lair:2)
  2 rime drakes (Lair:2)
  6 trolls
  Grinder (D:4)
  Prince Ribbit (D:5)
  12 blink frogs
  Sigmund (D:2)
  3 wyverns
  A shadow (D:5)
  23 yaks
  2 basilisks
  4 vampire mosquitoes (D:9)
  A steam dragon (D:9)
  6 water moccasins
  2 acid dragons
  7 orc warriors
  A sky beast (D:6)
  3 black bears (D:11)
  4 ice beasts
  9 wolves (Lair:2)
  2 centaurs
  A phantom (D:5)
  14 kobold brigands
  A gnoll sergeant (D:11)
  5 scorpions
  10 bullfrogs
  10 wights
  7 killer bees
  A lava snake (D:10)
  6 hounds
  2 orc priests
  3 jellies
  Terence (D:2)
  3 iron imps (D:4)
  3 iguanas
  Ijyb (D:3)
  8 orc wizards
  A killer bee zombie (D:9)
  2 howler monkey zombies (D:9)
  Robin (D:3)
  12 gnolls
  9 adders
  A shadow imp (D:6)
  A white imp (D:5)
  An ufetubus (D:4)
  2 dart slugs
  35 orcs
  8 ball pythons
  5 endoplasms
  4 giant cockroaches
  22 goblins
  9 hobgoblins
  3 jackals (D:2)
  2 quokkas
  7 bats
  4 frilled lizards
  34 kobolds
  7 rats
  A spectral orc (D:7)
364 creatures vanquished.

Vanquished Creatures (others)
  17 fulminant prisms
  42 fungi
  71 plants
  6 withered plants (D:9)
136 creatures vanquished.

Grand Total: 500 creatures vanquished

Notes
Turn   | Place    | Note
-------+----------+-------------------------------------------
     0 | D:1      | vishdafish the Demonspawn Conjurer began the quest for the
                  | Orb.
     0 | D:1      | Reached XP level 1. HP: 13/13 MP: 3/3
   211 | D:1      | Gained mutation: You regenerate a little health from kills.
                  | [demonic ancestry]
   211 | D:1      | Reached XP level 2. HP: 19/19 MP: 5/5
   690 | D:2      | Reached XP level 3. HP: 24/24 MP: 7/7
   738 | D:2      | Found a hazy altar of Hepliaklqana.
   958 | D:2      | Noticed Sigmund
   974 | D:2      | Killed Sigmund
   975 | D:2      | Reached skill level 5 in Conjurations
   975 | D:2      | Reached XP level 4. HP: 21/30 MP: 0/10
   975 | D:2      | Gained mutation: Your touch may inflict minor irresistible
                  | damage on your foes. [demonic ancestry]
   975 | D:2      | Reached XP level 5. HP: 24/35 MP: 0/11
  1355 | D:2      | Noticed Terence
  1365 | D:2      | Killed Terence
  1449 | D:2      | Reached XP level 6. HP: 41/41 MP: 10/12
  1940 | D:3      | Reached skill level 6 in Conjurations
  1951 | D:3      | Noticed Robin
  1993 | D:3      | Killed Robin
  2100 | D:3      | Learned a level 4 spell: Fulminant Prism
  2105 | D:3      | Learned a level 4 spell: Iskenderun's Mystic Blast
  2274 | D:3      | Found a snail-covered altar of Cheibriados.
  2320 | D:3      | Noticed Ijyb
  2336 | D:3      | Killed Ijyb
  2561 | D:3      | Reached skill level 1 in Hexes
  2561 | D:3      | Reached skill level 1 in Translocations
  3378 | D:4      | Found a staircase to the Ecumenical Temple.
  3380 | D:4      | Noticed Grinder
  3398 | D:4      | Killed Grinder
  3399 | D:4      | Reached XP level 7. HP: 31/46 MP: 1/13
  3404 | Temple   | Entered the Ecumenical Temple
  3917 | D:4      | Found a burning altar of Makhleb.
  4210 | D:5      | Entered Level 5 of the Dungeon
  4287 | D:5      | Noticed Prince Ribbit
  4295 | D:5      | Killed Prince Ribbit
  4302 | D:5      | Gained mutation: You are partially covered in yellow
                  | scales. (AC +2) [demonic ancestry]
  4302 | D:5      | Reached XP level 8. HP: 52/52 MP: 0/14
  4546 | D:5      | Reached skill level 5 in Hexes
  4880 | D:5      | Reached skill level 5 in Translocations
  5136 | D:5      | Reached skill level 5 in Spellcasting
  5688 | D:5      | Reached skill level 7 in Conjurations
  5936 | D:6      | Gained mutation: You regenerate health from kills. [demonic
                  | ancestry]
  5936 | D:6      | Reached XP level 9. HP: 57/57 MP: 13/17
  6031 | D:6      | Killed an unseen horror
  6594 | D:5      | Reached skill level 8 in Conjurations
  6705 | D:5      | Found a broken altar of Ashenzari.
  6705 | D:5      | Found a sacrificial altar of Ru.
  7114 | D:7      | Found a basalt altar of Yredelemnul.
  7459 | D:7      | Found a shadowy altar of Dithmenos.
  7602 | D:7      | Found a radiant altar of Vehumet.
  7810 | D:7      | Became a worshipper of Vehumet
  8618 | D:8      | Noticed a two-headed ogre
  8779 | D:8      | Reached skill level 9 in Conjurations
  8902 | D:8      | Found Huadever's Book Boutique.
  8941 | D:8      | Reached * piety under Vehumet
  8941 | D:8      | Offered knowledge of Sandblast by Vehumet.
  9419 | D:8      | Killed a two-headed ogre
  9420 | D:8      | Gained mutation: Your touch may inflict irresistible damage
                  | on your foes. [demonic ancestry]
  9420 | D:8      | Reached XP level 10. HP: 63/63 MP: 0/22
 10175 | D:9      | Reached skill level 10 in Conjurations
 10201 | D:9      | HP: 3/63 [acid dragon (9)]
 10201 | D:9      | HP: 1/63 [acid dragon (2)]
 10411 | D:9      | Got the Grimoire of Viridian Despicable Mysteries
 11246 | D:9      | Noticed a rust devil
 11458 | D:10     | Entered Level 10 of the Dungeon
 11469 | D:10     | Reached skill level 11 in Conjurations
 11957 | D:10     | Found a flagged portal.
 11966 | Bailey   | Entered a bailey
 11971 | Bailey   | Noticed an orc warlord
 11981 | Bailey   | Reached ** piety under Vehumet
 11982 | Bailey   | Offered knowledge of Shock by Vehumet.
 12152 | Bailey   | Found a runed translucent gate.
 12153 | Bailey   | Found a runed translucent gate.
 12154 | Bailey   | Found a runed translucent gate.
 12183 | Bailey   | Reached skill level 10 in Spellcasting
 12713 | Bailey   | Killed an orc warlord
 12714 | Bailey   | Reached XP level 11. HP: 26/68 MP: 23/25
 12861 | Bailey   | Got the Codex of Viridian Profane Arts
 12880 | D:10     | Reached skill level 13 in Conjurations
 12880 | D:10     | Gained mutation: Spells you cast may paralyse adjacent
                  | enemies. [demonic ancestry]
 12880 | D:10     | Reached XP level 12. HP: 74/74 MP: 27/27
 13217 | D:10     | Offered knowledge of Stone Arrow by Vehumet.
 13310 | D:10     | Learned a level 3 spell: Stone Arrow
 13524 | D:11     | Noticed Urug
 13535 | D:11     | Killed Urug
 13536 | D:11     | Reached skill level 1 in Earth Magic
 13724 | D:11     | Noticed a two-headed ogre
 13743 | D:11     | Reached *** piety under Vehumet
 13875 | D:11     | Killed a two-headed ogre
 14313 | D:11     | Noticed a two-headed ogre
 14318 | D:11     | Offered knowledge of Frozen Ramparts by Vehumet.
 14319 | D:11     | Killed a two-headed ogre
 14320 | D:11     | Reached skill level 5 in Earth Magic
 14416 | D:11     | Found a staircase to the Lair.
 14632 | D:11     | Found a shimmering blue altar of Sif Muna.
 14816 | Lair:1   | Entered Level 1 of the Lair of Beasts
 15198 | Lair:1   | Reached **** piety under Vehumet
 15465 | Lair:1   | Noticed a death yak
 15465 | Lair:1   | Noticed a death yak
 15474 | Lair:1   | Killed a death yak
 15478 | Lair:1   | Killed a death yak
 15478 | Lair:1   | Offered knowledge of Fireball by Vehumet.
 15479 | Lair:1   | Reached XP level 13. HP: 48/79 MP: 7/29
 16522 | Lair:2   | Reached skill level 14 in Conjurations
 17680 | Lair:2   | Slain by a six-headed hydra

Illustrated notes

Levels and vault maps discovered:
D:1:      dpeg_arrival_pond, layout_rooms, minmay_misc_feat_iff,
          hangedman_decor_slide_cut
D:2:      layout_basic, basic_altar, bh_walls_and_bars, uniq_terence,
          uniq_sigmund
D:3:      layout_basic, nicolae_overflow_hidden_temple, uniq_robin, uniq_ijyb
D:4:      layout_basic, demons_altar, minmay_temple_entry_statues_fountains,
          minmay_misc_feat_nine_boxes, minmay_stone_trees_medium,
          minmay_cut_off, uniq_grinder
D:5:      layout_basic, gammafunk_temple_overflow_claw, grunt_ministairs_7,
          kennysheep_pointless_box, uniq_prince_ribbit1
D:6:      layout_rooms
D:7:      layout_layer_cave, mainiacjoe_overflow_six_doors_small,
          vehumet_altar_wand_db, yredelemnul_forgotten_temple_becter,
          minivault_4
D:8:      layout_basic, serial_shops, shop, st_stairs_4
D:9:      layout_irregular_city, serial_undead, serial_undead_d,
          serial_undead_a, serial_undead_b, serial_undead_e
D:10:     layout_roguey, enter_bailey_2, hangedman_glass_teeth, kennysheep_donut
D:11:     layout_rooms, due_lair_maze_entry_diamond, special_room
          [special_room_kobold], led_sif_book, uniq_urug
D:12:     minmay_open_boxes_in_corner, layout_basic, david_orc_2, minivault_16,
          elyvilon_altar_3
Temple:   eino_temple_lava
Lair:1:   layout_gridlike, serial_forest, infiniplex_forest_corner_1,
          infiniplex_forest_straight_3, infiniplex_forest_lined_corner,
          infiniplex_forest_lined_2, infiniplex_forest_clump_diagonal,
          infiniplex_forest_zigzag_1, infiniplex_forest_clump_curved
Lair:2:   layout_cave_pods, palyth_hydra_swamp_entry, hibernation_bobbens

Skill      XL: |  1  2  3  4  5  6  7  8  9 10 11 12 13 |
---------------+----------------------------------------+-----
Spellcasting   | 4 5 8 10 11 12 | 12.2
Conjurations   | 5 6 7 9 11 13 14 | 14.5
Hexes          | 2 4 5 |  5.5
Translocations | 2 4 5 |  5.0
Earth Magic    | 7 9 |  9.2
Dodging        | |  1.7
Stealth        | |  1.7

Action                     |  1- 3 |  4- 6 |  7- 9 | 10-12 | 13-15 || total
---------------------------+-------+-------+-------+-------+-------++-------
  Melee: Dagger            |    42 |    84 |    79 |    96 |     4 ||   305
         Unarmed           |     9 |       |       |       |       ||     9
         Punch             |     1 |     2 |       |     3 |       ||     6
         Touch             |       |     9 |    11 |    18 |     2 ||    40
   Cast: Magic Dart        |    29 |   114 |   257 |   143 |       ||   543
         Iskenderun's Myst |       |     2 |    40 |    66 |     8 ||   116
         Fulminant Prism   |       |       |     3 |    12 |     2 ||    17
         Stone Arrow       |       |       |       |   140 |    91 ||   231
  Evoke: Wand              |       |     1 |     1 |     8 |     5 ||    15
         Condenser vane    |       |       |       |       |     1 ||     1
    Use: Potion            |       |       |     2 |     5 |       ||     7
         Scroll            |       |       |       |    13 |       ||    13
   Stab: Sleeping          |     2 |       |       |       |       ||     2
         Paralysed         |       |     1 |     2 |     6 |     1 ||    10
 Armour: Robe              |    15 |    30 |    48 |    71 |    13 ||   177
  Dodge: Dodged            |    36 |    65 |    79 |   124 |    30 ||   334

Table legend: (Time is in decaauts)
 A = Elapsed time spent in this place.
 B = Non-inter-level travel time spent in this place.
 C = Inter-level travel time spent in this place.
 D = Time resting spent in this place.
 E = Time spent auto-exploring this place.
 F = Levels seen in this place.
 G = Mean time per level.
                   A        B        C        D        E       F      G
               +--------+--------+--------+--------+--------+-----+--------+
         Total |  17717 |  17207 |    510 |    433 |  14472 |  16 | 1107.3 |
       Dungeon |  13771 |  13305 |    466 |    233 |  11301 |  12 | 1147.6 |
        Temple |    148 |    138 |     10 |      0 |    131 |   1 |  148.0 |
          Lair |   2876 |   2842 |     34 |      0 |   2531 |   2 | 1438.0 |
        Bailey |    921 |    921 |      0 |    200 |    509 |   1 |  921.0 |
               +--------+--------+--------+--------+--------+-----+--------+

Top non-repeatable levels by time:
     D:9: 1876 daAuts
     D:5: 1696 daAuts
  Lair:2: 1558 daAuts
     D:8: 1519 daAuts
  Lair:1: 1317 daAuts
     D:7: 1285 daAuts
    D:10: 1263 daAuts
    D:11: 1195 daAuts
     D:4: 1195 daAuts
     D:2: 1135 daAuts
     D:3: 1043 daAuts
  Bailey: 921 daAuts
     D:6: 871 daAuts
     D:1: 685 daAuts
  Temple: 148 daAuts
